 Dungeon Crawl Stone Soup version 0.28-a0-1616-g050a50673c (webtiles) character file.

Game seed: 14176753146563153555

4 grumblor the Ducker (level 1, 0/11 HPs)
             Began as a Spriggan Fighter on Jan 22, 2022.
             Constricted to death by a ball python (1 damage)
             ... on level 1 of the Dungeon.
             The game lasted 00:00:28 (491 turns).

grumblor the Ducker (Spriggan Fighter)               Turns: 491, Time: 00:00:28

Health: 0/11       AC:  2    Str: 12    XL:     1   Next: 50%
Magic:  2/2        EV: 14    Int:  9    God:
Gold:   0          SH:  6    Dex: 14    Spells: 0/0 levels left

rFire   . . .      SeeInvis +   a - +0 long sword
rCold   . . .      Faith    .   c - +0 buckler
rNeg    . . .      Spirit   .   b - +0 robe
rPois   .          Reflect  .   (helmet restricted)
rElec   .          Harm     .   (no cloak)
rCorr   .          Rampage  .   (gloves unavailable)
Will    .....                   (boots unavailable)
Stlth   +.........              (no amulet)
HPRegen 0.03/turn               (no ring)
MPRegen 0.08/turn               (no ring)

@: constricted, very quick
A: very small, no large weapons, unfitting armour, see invisible, speed 3
a: no special abilities


You were on level 1 of the Dungeon.
You visited 1 branch of the dungeon, and saw 1 of its levels.

Inventory:

Hand Weapons
 a - a +0 long sword (weapon)
Armour
 b - a +0 robe (worn)
 c - a +0 buckler (worn)
Scrolls
 e - a scroll of blinking {unknown}
Potions
 d - a potion of might
 f - 2 potions of curing {unknown}


   Skills:
 + Level 2.4 Fighting
 + Level 1.6 Long Blades
 * Level 4.2 Dodging
 + Level 2.2 Shields


You couldn't memorise any spells.
You didn't know any spells.
Your spell library was empty.

Dungeon Overview and Level Annotations

Branches:
Dungeon (1/15)

Altars:


Innate Abilities, Weirdness & Mutations

You are very small and have problems with some larger weapons.
You are too small for most types of armour.
You have supernaturally acute eyesight. (SInv)
You cover ground extremely quickly. (Speed+++)


Message History

A hobgoblin is nearby!
You barely miss the hobgoblin. The hobgoblin barely misses you.
A ball python comes into view.
There are monsters nearby!
You barely miss the hobgoblin. The hobgoblin misses you.
The hobgoblin completely misses you.
There are monsters nearby!
You closely miss the hobgoblin. The hobgoblin barely misses you.
There are monsters nearby!
You closely miss the hobgoblin. The hobgoblin barely misses you.
The hobgoblin hits you.
There are monsters nearby!
You barely miss the hobgoblin. The hobgoblin closely misses you.
There are monsters nearby!
You closely miss the hobgoblin. You block the hobgoblin's attack.
The ball python bites you. The ball python closely misses you.
The hobgoblin hits you but does no damage.
You barely miss the ball python.
The ball python bites you but does no damage.
You block the ball python's attack. The hobgoblin misses you.
You block the ball python's attack. The ball python completely misses you.
There are monsters nearby!
You hit the ball python.
The ball python is moderately wounded.
You block the ball python's attack. The ball python misses you.
The hobgoblin misses you. The ball python barely misses you.
You block the ball python's attack.
There are monsters nearby!
You closely miss the ball python.
The ball python is moderately wounded.
The hobgoblin hits you.
* * * LOW HITPOINT WARNING * * *
You block the ball python's attack. The ball python closely misses you.
The hobgoblin hits you.
* * * LOW HITPOINT WARNING * * *
You barely miss the ball python.
The ball python is moderately wounded.
The ball python completely misses you. The ball python grabs you.
The ball python constricts you.
You die...

...# #.# ##.# ####.####
##.#####.......# #
##.......##.##.##.#
#####...)..)......# #
#...#####..#### # ##.##
#..# ######.# ####..###
##.....###.....>@#
##......##.##..#Sg......
#....#.## #...........
#....#^# ##.#........
#....#.# #.#.######.
######.# ....# #.#
#..### #.# ##. # #'####


You could see a hobgoblin and a ball python.

Vanquished Creatures
  2 goblins (D:1)
  A hobgoblin (D:1)
3 creatures vanquished.

Notes
Turn   | Place    | Note
-------+----------+-------------------------------------------
     0 | D:1      | grumblor the Spriggan Fighter began the quest for the Orb.
     0 | D:1      | Reached XP level 1. HP: 11/11 MP: 2/2
   491 | D:1      | Constricted to death by a ball python

Illustrated notes

Levels and vault maps discovered:
D:1:      elethiomel_arrival_quiet, layout_loops_cross

Action                   || total
-------------------------++-------
Melee: Long sword        ||    21
Armor: Robe              ||     2
Dodge: Dodged            ||    26
Block: Buckler           ||     7

Table legend: (Time is in decaauts)
 A = Elapsed time spent in this place.
 B = Non-inter-level travel time spent in this place.
 C = Inter-level travel time spent in this place.
 D = Time resting spent in this place.
 E = Time spent auto-exploring this place.
 F = Levels seen in this place.
 G = Mean time per level.
                   A        B        C        D        E       F      G
               +--------+--------+--------+--------+--------+-----+--------+
         Total |    461 |    461 |      0 |    308 |    113 |   1 |  461.0 |
       Dungeon |    461 |    461 |      0 |    308 |    113 |   1 |  461.0 |
               +--------+--------+--------+--------+--------+-----+--------+

Top non-repeatable levels by time:
     D:1: 461 daAuts
